 Dungeon Crawl Stone Soup version 0.25-a0-290-g4a1327ee3a (webtiles) character file.

Game seed: 13551042486414043279, levelgen mode: deterministic

3125 MisterFreud the Blocker (level 9, -3/74 HPs)
             Began as a Gnoll Fighter on Dec 13, 2019.
             Was an Initiate of Ashenzari.
             Slain by a two-headed ogre
             ... wielding a +0 giant spiked club
              (15 damage)
             ... on level 8 of the Dungeon.
             The game lasted 00:15:09 (7081 turns).

MisterFreud the Blocker (Gnoll Fighter)             Turns: 7081, Time: 00:15:09

Health: -3/74      AC: 16    Str: 19    XL:     9   Next: 92%
Magic:  15/15      EV:  7    Int: 13    God:    Ashenzari [......]
Gold:   407        SH: 16    Dex: 15    Spells: 17/17 levels left

rFire    + . .     SeeInvis .   d - +0 short sword (vamp) (curse)
rCold    . . .     Gourm    .   c - +1 shield (curse)
rNeg     . . .     Faith    .   C - +0 plate armour
rPois    .         Spirit   .   D - +0 helmet
rElec    .         Reflect  +   (no cloak)
rCorr    .         Harm     .   (no gloves)
MR       +....                  E - +0 pair of boots {Stlth+}
Stlth    ..........             h - +4 amulet of reflection
HPRegen  0.22/turn              B - ring of protection from magic
MPRegen  0.14/turn              m - ring of protection from fire

@: lightly drained
A: distributed training, fangs 1, strong nose
a: Curse Item, Renounce Religion


You were on level 8 of the Dungeon.
You worshipped Ashenzari.
Ashenzari was noncommittal.
You were not hungry.

You visited 2 branches of the dungeon, and saw 10 of its levels.

You collected 407 gold pieces.

Inventory:

Hand Weapons
 a - a +1 rapier
 d - a cursed +0 vampiric short sword (weapon)
 R - a +0 long sword of electrocution
Missiles
 b - 2 silver javelins
 e - 30 sling bullets
 g - 8 javelins
 i - 98 stones
 q - 43 bolts
 t - 3 boomerangs (quivered)
 u - 124 arrows
 v - 28 poisoned darts
 H - 4 boomerangs of dispersal
Armour
 c - a cursed +1 shield (worn)
 p - a +0 chain mail
 C - a +0 plate armour (worn)
 D - a +0 helmet (worn)
 E - a +0 pair of boots of stealth (worn)
Jewellery
 h - a +4 amulet of reflection (around neck)
 m - a ring of protection from fire (right hand)
 y - an uncursed ring of flight
 B - a ring of protection from magic (left hand)
 K - an uncursed amulet of the acrobat
Wands
 s - a wand of flame (6)
 x - a wand of digging (6)
 G - a wand of polymorph (7)
 O - a wand of paralysis (6)
Scrolls
 o - 2 scrolls of fog
 r - 3 scrolls of enchant armour
 z - a scroll of remove curse
 F - 3 scrolls of teleportation
 L - a scroll of enchant weapon
 N - a scroll of brand weapon {unknown}
Potions
 j - 6 potions of haste
 k - 2 potions of mutation {unknown}
 l - a potion of curing {unknown}
 n - a potion of resistance {unknown}
 w - 3 potions of heal wounds {unknown}
 A - a potion of brilliance
 I - 3 potions of lignification
 J - a potion of degeneration {unknown}
 M - a potion of invisibility {unknown}
 Q - 2 potions of might
 S - a potion of ambrosia {unknown}
Comestibles
 f - 16 rations
 P - 5 chunks of flesh


   Skills:
 + Level 8.1(8.0) Fighting
 + Level 6.6(6.5) Short Blades
 + Level 4.6(4.5) Long Blades
 + Level 4.6(4.5) Axes
 + Level 4.6(4.5) Maces & Flails
 + Level 4.6(4.5) Polearms
 + Level 4.6(4.5) Staves
 + Level 4.6(4.5) Slings
 + Level 4.6(4.5) Bows
 + Level 4.6(4.5) Crossbows
 + Level 4.6(4.5) Throwing
 + Level 8.1(8.0) Armour
 + Level 4.6(4.5) Dodging
 + Level 4.6(4.5) Stealth
 + Level 8.1(8.0) Shields
 + Level 4.6(4.5) Unarmed Combat
 + Level 4.6(4.5) Spellcasting
 + Level 3.8(3.7) Conjurations
 + Level 3.8(3.7) Hexes
 + Level 3.8(3.7) Charms
 + Level 3.8(3.7) Summonings
 + Level 3.8(3.7) Necromancy
 + Level 3.8(3.7) Translocations
 + Level 3.8(3.7) Transmutations
 + Level 3.8(3.7) Fire Magic
 + Level 3.8(3.7) Ice Magic
 + Level 3.8(3.7) Air Magic
 + Level 3.8(3.7) Earth Magic
 + Level 3.8(3.7) Poison Magic
 + Level 5.1(5.0) Invocations
 + Level 4.6(4.5) Evocations


You had 17 spell levels left.
You didn't know any spells.
Your spell library was empty.

Dungeon Overview and Level Annotations

Branches:
Dungeon (9/15)             Temple (1/1) D:7
   Lair: D:8-11         Orc: D:9-12

Altars:
Ashenzari
Cheibriados
Elyvilon
Fedhas
Gozag
Hepliaklqana
Kikubaaqudgha
Makhleb
Nemelex Xobeh
Okawaru
Trog
Uskayaw
Vehumet
Wu Jian
Xom
The Shining One


Innate Abilities, Weirdness & Mutations

Your experience applies equally to all skills.
You have very sharp teeth.
Your uncanny sense of smell can sniff out nearby items.


Message History

Aim: a two-headed ogre, wielding a +0 giant spiked club and a +0 giant club (severely wounded, chance to defeat MR: 41%)
Okay, then.
Unknown command.
Unknown command.
Unknown command.
You closely miss the bullfrog.
The bullfrog is moderately wounded.
The two-headed ogre hits you but does no damage.
You block the two-headed ogre's attack.
The bullfrog hits you but does no damage.
Your plate armour prevents you from hitting the two-headed ogre.
You bite the two-headed ogre.
The two-headed ogre is severely wounded.
The bullfrog closely misses you.
You block the two-headed ogre's attack. x2
You hit the two-headed ogre.
The two-headed ogre is severely wounded.
The bullfrog closely misses you. The bullfrog hits you.
* * * LOW HITPOINT WARNING * * *
The two-headed ogre hits you with a +0 giant spiked club!
You die...

#. #. ############.
#.........##. #.#######.##.
#.# #.##. ############ #.#
#.##. #........F.# #.#
#.##. #.########@# #.#
#.##. #.# #O# #.# #.... #)#
#.####.# ######.
#.########......#####......
#.............⌠.⌠.....##.#.
#..#####......._...........
#........[.###⌠.⌠##...##.#.
#..>.......# ##.###...##..)
##..######.# #.###...####)


You could see a two-headed ogre and a bullfrog.

Vanquished Creatures
  A hippogriff (D:7)
  Menkaure (D:5)
  Edmund (D:6)
  A porcupine (D:8)
  2 phantoms
  2 ice beasts (D:6)
  A sky beast (D:6)
  An orc warrior (D:5)
  3 ogres
  A centaur (D:3)
  A crocodile (D:8)
  A big kobold (D:8)
  A bullfrog (D:8)
  A scorpion (D:7)
  8 wights
  2 howler monkeys
  4 crimson imps
  A centaur zombie (D:7)
  4 orc priests
  2 hounds
  9 orc wizards
  A bullfrog skeleton (D:6)
  3 iguanas
  3 worker ants
  A hound skeleton (D:4)
  10 adders
  A shadow imp (D:6)
  An ooze (D:2)
  2 adder zombies (D:6)
  3 worms
  2 dart slugs
  6 leopard geckos
  38 orcs
  2 ball pythons
  16 bats
  9 giant cockroaches
  7 goblins
  12 hobgoblins
  7 jackals
  10 kobolds
  4 quokkas
  A frilled lizard (D:1)
  A leopard gecko zombie (D:7)
  A quokka skeleton (D:4)
  6 rats
195 creatures vanquished.

Vanquished Creatures (others)
  A kobold (D:3)
  2 fungi (D:9)
  A plant (D:9)
4 creatures vanquished.

Grand Total: 199 creatures vanquished

Notes
Turn   | Place    | Note
-------+----------+-------------------------------------------
     0 | D:1      | MisterFreud the Gnoll Fighter began the quest for the Orb.
     0 | D:1      | Reached XP level 1. HP: 23/23 MP: 1/1
     0 | D:1      | Noticed a gargoyle
    14 | D:1      | Noticed a felid
    18 | D:1      | Noticed a spriggan
   140 | D:1      | Reached XP level 2. HP: 27/29 MP: 2/2
   273 | D:1      | You fall into a shaft and drop 1 floor!
   363 | D:1      | Reached XP level 3. HP: 32/35 MP: 3/3
   647 | D:2      | Reached skill level 1 in Invocations
   781 | D:2      | Found an opulent altar of Gozag.
   854 | D:2      | Reached skill level 1 in Long Blades
   854 | D:2      | Reached skill level 1 in Axes
   854 | D:2      | Reached skill level 1 in Maces & Flails
   854 | D:2      | Reached skill level 1 in Polearms
   854 | D:2      | Reached skill level 1 in Staves
   854 | D:2      | Reached skill level 1 in Slings
   854 | D:2      | Reached skill level 1 in Bows
   854 | D:2      | Reached skill level 1 in Crossbows
   854 | D:2      | Reached skill level 1 in Throwing
   854 | D:2      | Reached skill level 1 in Dodging
   854 | D:2      | Reached skill level 1 in Stealth
   854 | D:2      | Reached skill level 1 in Unarmed Combat
   854 | D:2      | Reached skill level 1 in Spellcasting
   854 | D:2      | Reached skill level 1 in Evocations
   870 | D:2      | Reached XP level 4. HP: 41/41 MP: 5/5
  1456 | D:3      | Noticed a centaur
  1462 | D:3      | Killed a centaur
  1462 | D:3      | Reached skill level 1 in Conjurations
  1462 | D:3      | Reached skill level 1 in Hexes
  1462 | D:3      | Reached skill level 1 in Charms
  1462 | D:3      | Reached skill level 1 in Summonings
  1462 | D:3      | Reached skill level 1 in Necromancy
  1462 | D:3      | Reached skill level 1 in Translocations
  1462 | D:3      | Reached skill level 1 in Transmutations
  1462 | D:3      | Reached skill level 1 in Fire Magic
  1462 | D:3      | Reached skill level 1 in Ice Magic
  1462 | D:3      | Reached skill level 1 in Air Magic
  1462 | D:3      | Reached skill level 1 in Earth Magic
  1462 | D:3      | Reached skill level 1 in Poison Magic
  1462 | D:3      | Reached XP level 5. HP: 25/47 MP: 5/7
  1719 | D:3      | Found a faded altar of an unknown god.
  1932 | D:3      | Reached XP level 6. HP: 51/53 MP: 8/8
  2331 | D:4      | Reached skill level 5 in Short Blades
  2647 | D:4      | Found a burning altar of Makhleb.
  2777 | D:4      | Reached XP level 7. HP: 59/59 MP: 10/10
  2912 | D:5      | Entered Level 5 of the Dungeon
  3087 | D:5      | Found a radiant altar of Vehumet.
  3200 | D:5      | Found an iron altar of Okawaru.
  3292 | D:5      | Found a hazy altar of Hepliaklqana.
  3694 | D:5      | Reached XP level 8. HP: 66/67 MP: 12/12
  3907 | D:5      | Found an ornate altar of the Wu Jian Council.
  4246 | D:6      | Noticed Menkaure
  4501 | D:5      | Killed Menkaure
  4866 | D:6      | Found a glowing golden altar of the Shining One.
  5081 | D:6      | Noticed Edmund
  5249 | D:6      | Reached XP level 9. HP: 72/72 MP: 14/14
  5270 | D:6      | Killed Edmund
  5922 | D:7      | Found a staircase to the Ecumenical Temple.
  5929 | Temple   | Entered the Ecumenical Temple
  5955 | Temple   | Became a worshipper of Ashenzari the Shackled
  6489 | D:8      | Found a sparkling altar of Nemelex Xobeh.
  6729 | D:8      | Reached skill level 5 in Invocations
  7057 | D:9      | Noticed a two-headed ogre
  7081 | D:8      | Slain by a two-headed ogre

Levels and vault maps discovered:
D:1:      shiori_arrival_whats_in_store_for_you, layout_basic
D:2:      layout_loops_cross, nicolae_gozag_seed_capital, roderic_st_hans_cross
D:3:      layout_rooms, chequers_ecumenical_altar_simple
D:4:      layout_rooms, makhleb_blood_cavern_becter, first_ration
D:5:      layout_basic, lemuel_doored_altar, vehumet_altar_wand_db,
          okawaru_ov_weapons_minmay, lemuel_round_altar
D:6:      layout_loops_ring, nicolae_ossuary_entry_false_entrances,
          nicolae_tso_swordbearing_angel, uniq_menkaure, uniq_edmund
D:7:      layout_loops_cross, minmay_temple_entry_wispy
D:8:      layout_loops_ring, nemelex_xobeh_ov_fountains_minmay
D:9:      layout_layer_cave, nicolae_dithmenos_shadow_blocks,
          due_lair_maze_entry_diamond, ebering_ghost_funeral_grove,
          serial_shops, shop, grunt_ogre_cave, minmay_guarded_unrand_resistance
Temple:   nicolae_temple_great_sept

Skill      XL: |  1  2  3  4  5  6  7  8  9 |
---------------+----------------------------+-----
Invocations    | 1 2 3 4 5 |  5.1
Long Blades    | 1 2 3 4 |  4.6
Axes           | 1 2 3 4 |  4.6
Maces & Flails | 1 2 3 4 |  4.6
Polearms       | 1 2 3 4 |  4.6
Staves         | 1 2 3 4 |  4.6
Slings         | 1 2 3 4 |  4.6
Bows           | 1 2 3 4 |  4.6
Crossbows      | 1 2 3 4 |  4.6
Throwing       | 1 2 3 4 |  4.6
Dodging        | 1 2 3 4 |  4.6
Stealth        | 1 2 3 4 |  4.6
Unarmed Combat | 1 2 3 4 |  4.6
Spellcasting   | 1 2 3 4 |  4.6
Evocations     | 1 2 3 4 |  4.6
Conjurations   | 1 2 3 |  3.8
Hexes          | 1 2 3 |  3.8
Charms         | 1 2 3 |  3.8
Summonings     | 1 2 3 |  3.8
Necromancy     | 1 2 3 |  3.8
Translocations | 1 2 3 |  3.8
Transmutations | 1 2 3 |  3.8
Fire Magic     | 1 2 3 |  3.8
Ice Magic      | 1 2 3 |  3.8
Air Magic      | 1 2 3 |  3.8
Earth Magic    | 1 2 3 |  3.8
Poison Magic   | 1 2 3 |  3.8
Short Blades   | 5 6 |  6.6
Fighting       | 7 8 |  8.1
Armour         | 7 8 |  8.1
Shields        | 7 8 |  8.1

Action                   |  1- 3 |  4- 6 |  7- 9 || total
-------------------------+-------+-------+-------++-------
Melee: Rapier            |   105 |   243 |   430 ||   778
       Bite              |     9 |    33 |    79 ||   121
       Short sword       |       |       |   171 ||   171
Throw: Boomerang         |       |     5 |     9 ||    14
Invok: Curse Item        |       |       |     2 ||     2
Evoke: Wand              |       |       |     1 ||     1
  Use: Scroll            |     2 |     6 |     5 ||    13
       Potion            |       |       |     2 ||     2
  Eat: Chunk             |       |     6 |    12 ||    18
       Ration            |       |       |     1 ||     1
Armor: Scale mail        |    20 |     8 |       ||    28
       Ring mail         |    10 |       |       ||    10
       Chain mail        |       |    48 |    25 ||    73
       Plate armour      |       |       |   108 ||   108
Dodge: Dodged            |    31 |    25 |    75 ||   131
Block: Shield            |    53 |   184 |   381 ||   618
       Reflection        |       |     6 |     5 ||    11

Table legend:
 A = Non-vault XP
 B = Vault XP
 C = Vault XP percentage of total XP
 D = Non-vault monster count
 E = Vault monster count
 F = Vault count percentage of total count
                 A         B        C        D         E       F
            +---------+---------+-------+---------+---------+-------
      Total |    3863 |     602 |  13.5 |     189 |       6 |   3.1
            +---------+---------+-------+---------+---------+-------
        D:1 |      41 |       0 |   0.0 |      22 |       0 |   0.0
        D:2 |      71 |       0 |   0.0 |      26 |       0 |   0.0
        D:3 |     302 |       0 |   0.0 |      34 |       0 |   0.0
        D:4 |     196 |      40 |  16.9 |      17 |       1 |   5.6
        D:5 |     794 |     173 |  17.9 |      26 |       2 |   7.1
        D:6 |     763 |     158 |  17.2 |      22 |       1 |   4.3
        D:7 |    1004 |       0 |   0.0 |      22 |       0 |   0.0
        D:8 |     692 |     231 |  25.0 |      20 |       2 |   9.1
            +---------+---------+-------+---------+---------+-------
